Map: [ESL] Solaris

Players

Cham - Winner!

  • Race: Zerg Zerg
  • Spawn Location: 7:00

eGGz

  • Race: Zerg Zerg
  • Spawn Location: 1:00

Event: ESL SC2 Masters 2023 Winter (Regional)

VOD

Have the link to the VOD?

Description

Time

  • Played on: Oct. 26, 2023, 3:49 p.m.
  • Length: 8:07

All games in this series

Show
View Real Time Build Order
Export as new Build Order

Cham Zerg - Winner!

Build Orders: Hatch First 

Get SALT Encoding   

  12  0:00  Drone  
  13  0:12  Overlord  
  13  0:16  Drone  
  14  0:30  Drone x2  
  16  0:50  Drone, Hatchery  
  16  0:53  Drone  
  17  0:57  Drone  
  18  1:10  Spawning Pool  
  17  1:12  Extractor  
  17  1:15  Drone  
  17  1:18  Drone  
  18  1:27  Drone  
  19  1:38  Drone  
  20  1:49  Drone  
  21  2:01  Queen  
  21  2:02  Drone, Queen  
  21  2:03  Overlord  
  26  2:11  Drone  
  26  2:14  Drone  
  26  2:15  Metabolic Boost  
  28  2:22  Drone  
  29  2:23  Drone  
  30  2:36  Hatchery  
  29  2:43  Baneling Nest, Queen  
  30  2:48  Overlord  
  30  2:51  Zergling x2  
  30  2:54  Zergling x2  
  32  2:59  Drone  
  32  3:00  Drone  
  32  3:03  Overlord  
  34  3:14  Drone x4  
  34  3:16  Drone  
  34  3:17  Drone  
  40  3:20  Drone  
  40  3:25  Overlord  
  41  3:29  Drone x2  
  41  3:32  Drone  
  41  3:33  Drone  
  45  3:45  Roach Warren  
  45  3:47  Lair  
  44  3:49  Extractor  
  44  3:52  Drone x2  
  44  3:53  Drone  
  44  3:55  Drone x2  
  48  3:56  Drone  
  48  3:59  Extractor x2  
  48  4:02  Evolution Chamber  
  46  4:03  Overlord  
  46  4:05  Drone  
  46  4:07  Drone  
  48  4:11  Drone x2  
  48  4:14  Overlord  
  49  4:22  Drone x3  
  49  4:23  Drone x2  
  54  4:27  Zergling x4  
  54  4:30  Zerg Missile Weapons Level 1  
  56  4:32  Zergling x2  
  56  4:33  Zergling x2  
  56  4:35  Zergling x2  
  56  4:37  Zergling x2  
  60  4:38  Zergling x2  
  60  4:40  Zergling x2  
  60  4:42  Zergling x2  
  60  4:43  Zergling x2  
  64  4:46  Glial Reconstitution  
  64  4:50  Zergling x6  
  64  4:52  Zergling x2  
  68  4:56  Overlord  
  68  4:59  Drone x2  
  70  5:00  Drone  
  70  5:01  Drone  
  70  5:02  Drone  
  73  5:07  Overlord  
  73  5:08  Roach  
  73  5:11  Roach  
  73  5:13  Roach  
  79  5:18  Roach x3  
  79  5:20  Overlord  
  85  5:24  Overlord  
  85  5:29  Roach x3  
  91  5:36  Drone x2  
  91  5:37  Roach x2  
  91  5:41  Overlord  
  97  5:43  Roach x3  
  97  5:48  Roach x2  
  107  5:51  Roach x2  
  111  5:57  Overlord  
  111  5:59  Roach  
  111  6:01  Roach  
  115  6:04  Roach x3  
  115  6:09  Overlord  
  115  6:10  Overlord  
  121  6:12  Overlord  
  121  6:16  Baneling x2  
  121  6:17  Roach  
  121  6:18  Roach x2  
  127  6:21  Roach  
  127  6:24  Overlord x2  
  129  6:30  Overlord  
  129  6:31  Roach  
  129  6:32  Roach x2  
  135  6:41  Roach x3  
  135  6:44  Overlord  
  139  6:47  Roach x2  
  139  6:48  Ravager x3  
  139  6:52  Ravager x2  
  148  6:55  Drone x4  
  148  6:56  Drone  
  148  6:58  Extractor  
  152  7:03  Drone x3  
  152  7:04  Overlord  
  152  7:05  Roach  
  157  7:11  Roach x3  
  157  7:13  Roach  
  165  7:17  Overlord  
  157  7:29  Roach x8  
  152  7:38  Overseer  
  148  7:46  Roach  
  148  7:47  Roach x8  
  155  7:53  Overseer  
Show
View Real Time Build Order
Export as new Build Order

eGGz Zerg 

Build Orders: Hatch First 

Get SALT Encoding   

  12  0:00  Drone  
  13  0:12  Overlord  
  13  0:17  Drone  
  14  0:32  Drone x2  
  16  0:38  Drone  
  17  0:52  Hatchery  
  17  0:56  Drone  
  17  0:59  Drone  
  18  1:13  Spawning Pool  
  18  1:16  Drone  
  18  1:19  Drone  
  19  1:32  Overlord  
  19  2:00  Queen  
  22  2:01  Drone x3  
  22  2:04  Queen  
  22  2:05  Drone  
  27  2:10  Extractor  
  27  2:11  Extractor  
  27  2:13  Drone  
  26  2:18  Drone  
  27  2:23  Zergling x2  
  27  2:28  Drone  
  29  2:34  Drone  
  30  2:37  Drone  
  30  2:38  Queen  
  33  2:47  Queen, Spine Crawler  
  33  2:50  Drone x2  
  36  2:55  Overlord  
  36  2:56  Roach Warren  
  35  3:00  Drone  
  36  3:10  Evolution Chamber  
  34  3:14  Drone  
  34  3:16  Lair  
  34  3:17  Drone x2  
  38  3:20  Drone x2  
  38  3:22  Drone  
  41  3:27  Drone  
  41  3:28  Drone  
  41  3:30  Drone  
  44  3:36  Zerg Missile Weapons Level 1  
  44  3:38  Overlord  
  44  3:45  Extractor, Drone  
  44  3:48  Overlord  
  44  3:57  Drone x6  
  44  4:00  Overlord  
  50  4:08  Roach  
  52  4:11  Roach  
  52  4:14  Roach  
  52  4:16  Extractor, Overlord  
  55  4:27  Roach  
  55  4:28  Glial Reconstitution  
  55  4:30  Drone  
  58  4:31  Hatchery  
  58  4:32  Drone  
  58  4:34  Drone  
  58  4:35  Overseer  
  59  4:41  Roach x2  
  63  4:46  Drone x2  
  63  4:49  Roach x2  
  69  4:54  Roach, Evolution Chamber  
  70  5:00  Hydralisk Den  
  70  5:05  Roach x2  
  73  5:12  Roach  
  73  5:14  Overlord  
  75  5:15  Overlord  
  75  5:20  Zerg Ground Armor Level 1  
  75  5:24  Overlord  
  75  5:25  Drone  
  75  5:27  Overlord  
  76  5:34  Burrow  
  76  5:36  Grooved Spines  
  76  5:40  Drone x2  
  76  5:42  Hydralisk  
  78  5:45  Hydralisk  
  78  5:47  Tunneling Claws  
  82  5:50  Spore Crawler  
  82  5:55  Hydralisk  
  83  6:00  Hydralisk  
  83  6:01  Hydralisk, Spore Crawler  
  83  6:04  Drone  
  87  6:07  Drone  
  87  6:08  Spore Crawler  
  87  6:09  Drone  
  88  6:16  Overseer  
  88  6:18  Drone x2  
  88  6:19  Drone  
  88  6:23  Roach  
  88  6:24  Roach  
  95  6:26  Muscular Augments  
  95  6:31  Drone  
  95  6:32  Drone  
  97  6:37  Roach x2  
  101  6:50  Roach x6  
  101  6:54  Drone  
  114  6:56  Overlord  
  114  6:57  Overlord  
  114  6:59  Overlord  
  114  7:13  Overlord  
  120  7:15  Roach x5  
  120  7:16  Roach x3  
  120  7:18  Roach x3  
  120  7:22  Roach x2  
  112  7:25  Roach x2  
  112  7:26  Roach x3  
  104  7:32  Roach x4  
  86  7:38  Roach x9  
  86  7:40  Roach x3  
  86  7:42  Roach x2  
  88  7:45  Roach  
Tags
 
Add a new tag
Caveats
  • Supply blocks, unpowered buildings, or Contaminate may cause inaccurate times.
  • Supply counts are checked every 10 seconds.